TOP OF THE 1ST |
Ballard Beavers batting - Pitching for Amarillo Warheads : LHP Joël Delorme
|
Pitching: LHP Joël Delorme
|
|
Batting: LHB Clint Caldwell
|
0-0: Ball 1-0: Ball 2-0: Swinging Strike 2-1: Foul Ball, location: 2F 2-2: Strikes out swinging
|
Batting: RHB Jim Herries
|
0-0: Ball 1-0: Ball 2-0: Called Strike 2-1: Ball 3-1: Foul Ball, location: 2F 3-2: Base on Balls
|
Batting: RHB Juan Jose Guerrero
|
0-0: Ball 1-0: Foul Ball, location: 2F 1-1: Ball 2-1: Ball 3-1: Foul Ball, location: 2F 3-2: Fly out, F3 (Popup, 34S)
|
Batting: RHB Tony Hernández
|
0-0: Called Strike 0-1: Ball 1-1: Ball 2-1: Foul Ball, location: 2F 2-2: Ball 3-2: SINGLE (Line Drive, 7S) Jim Herries to second Jim Herries to third
|
Batting: RHB Evegnii Wolfson
|
0-0: Called Strike 0-1: Foul Ball, location: 2F 0-2: Ball 1-2: Strikes out swinging
|
Top of the 1st over - 0 runs, 1 hit, 0 errors, 2 left on base; Ballard 0 - Amarillo 0 |
BOTTOM OF THE 1ST |
Amarillo Warheads batting - Pitching for Ballard Beavers : RHP Aurelio Ortíz
|
Pitching: RHP Aurelio Ortíz
|
|
Batting: LHB Joe Walker
|
0-0: Ground out U3 (Groundball, 3)
|
Batting: RHB Kiyohira Kan
|
0-0: Called Strike 0-1: Called Strike 0-2: Ball 1-2: Ball 2-2: Strikes out swinging, 2-3 out at first.
|
Batting: LHB Fernando Guillén
|
0-0: Ball 1-0: Fly out, F4 (Line Drive, 4)
|
Bottom of the 1st over - 0 runs, 0 hits, 0 errors, 0 left on base; Ballard 0 - Amarillo 0 |
TOP OF THE 2ND |
Ballard Beavers batting - Pitching for Amarillo Warheads : LHP Joël Delorme
|
Batting: SHB Alberto González
|
0-0: Ball 1-0: Ball 2-0: Called Strike 2-1: DOUBLE (Flyball, 7D) - OUT at third base trying to stretch hit.
|
Batting: SHB Rafael Bregonzi
|
0-0: Ground out 6-3 (Groundball, 6)
|
Batting: SHB Pedro Montoya
|
0-0: Foul Ball, location: 2F 0-1: Foul Ball, location: 2F 0-2: Ball 1-2: Ground out 5-3 (Groundball, 56S)
|
Top of the 2nd over - 0 runs, 1 hit, 0 errors, 0 left on base; Ballard 0 - Amarillo 0 |
BOTTOM OF THE 2ND |
Amarillo Warheads batting - Pitching for Ballard Beavers : RHP Aurelio Ortíz
|
Batting: RHB Cristo Mercado
|
0-0: Ball 1-0: Foul Ball, location: 2F 1-1: Ball 2-1: Ball 3-1: Foul Ball, location: 2F 3-2: Strikes out swinging
|
Batting: RHB Adrián Sánchez
|
0-0: Ball 1-0: Foul Ball, location: 2F 1-1: Called Strike 1-2: Ball 2-2: Strikes out swinging
|
Batting: SHB Richard Mullins
|
0-0: Called Strike 0-1: Foul Ball, location: 2F 0-2: Strikes out looking
|
Bottom of the 2nd over - 0 runs, 0 hits, 0 errors, 0 left on base; Ballard 0 - Amarillo 0 |
TOP OF THE 3RD |
Ballard Beavers batting - Pitching for Amarillo Warheads : LHP Joël Delorme
|
Batting: RHB Sebastian Franke
|
0-0: Ball 1-0: Ball 2-0: Ground out 6-3 (Groundball, 6)
|
Batting: LHB Clint Caldwell
|
0-0: Ball 1-0: Called Strike 1-1: Called Strike 1-2: Foul Ball, location: 2F 1-2: Ball 2-2: Strikes out swinging
|
Batting: RHB Jim Herries
|
0-0: Ball 1-0: Foul Ball, location: 2F 1-1: Ball 2-1: Ground out 4-3 (Groundball, 4)
|
Top of the 3rd over - 0 runs, 0 hits, 0 errors, 0 left on base; Ballard 0 - Amarillo 0 |
BOTTOM OF THE 3RD |
Amarillo Warheads batting - Pitching for Ballard Beavers : RHP Aurelio Ortíz
|
Batting: RHB John Steele
|
0-0: Swinging Strike 0-1: Ball 1-1: Ball 2-1: Foul Ball, location: 2F 2-2: Strikes out looking
|
Batting: LHB Lorenzo Ortíz
|
0-0: Ball 1-0: Called Strike 1-1: Swinging Strike 1-2: Foul Ball, location: 2F 1-2: Strikes out swinging
|
Batting: SHB Ed Ackerman
|
0-0: Called Strike 0-1: Ball 1-1: Called Strike 1-2: Fly out, F8 (Flyball, 8RS)
|
Bottom of the 3rd over - 0 runs, 0 hits, 0 errors, 0 left on base; Ballard 0 - Amarillo 0 |
TOP OF THE 4TH |
Ballard Beavers batting - Pitching for Amarillo Warheads : LHP Joël Delorme
|
Batting: RHB Juan Jose Guerrero
|
0-0: Ball 1-0: Ball 2-0: Foul Ball, location: 2F 2-1: Swinging Strike 2-2: Foul Ball, location: 2F 2-2: Strikes out looking
|
Batting: RHB Tony Hernández
|
0-0: Ball 1-0: Ball 2-0: Called Strike 2-1: Foul Ball, location: 2F 2-2: Ball 3-2: SINGLE (Line Drive, 34)
|
Batting: RHB Evegnii Wolfson
|
0-0: Called Strike 0-1: Fly out, F8 (Flyball, 8RM)
|
Batting: SHB Alberto González
|
0-0: Ball 1-0: Called Strike 1-1: Foul Ball, location: 2F 1-2: Ball 2-2: Strikes out swinging
|
Top of the 4th over - 0 runs, 1 hit, 0 errors, 1 left on base; Ballard 0 - Amarillo 0 |
BOTTOM OF THE 4TH |
Amarillo Warheads batting - Pitching for Ballard Beavers : RHP Aurelio Ortíz
|
Batting: LHB Joe Walker
|
0-0: Swinging Strike 0-1: Called Strike 0-2: Ball 1-2: Ball 2-2: Foul Ball, location: 2F 2-2: Strikes out swinging
|
Batting: RHB Kiyohira Kan
|
0-0: Ball 1-0: SINGLE (Line Drive, 6D)
|
Batting: LHB Fernando Guillén
|
0-0: SINGLE (Groundball, 34S) (infield hit) Kiyohira Kan to second
|
Batting: RHB Cristo Mercado
|
0-0: Ball 1-0: Called Strike 1-1: SINGLE (Groundball, 56) (infield hit) Kiyohira Kan to third Fernando Guillén to second
|
Batting: RHB Adrián Sánchez
|
0-0: Ball 1-0: Ball 2-0: Called Strike 2-1: Ball 3-1: Called Strike 3-2: SINGLE (Flyball, 89S) Kiyohira Kan scores Fernando Guillén to third Cristo Mercado to second
|
Batting: SHB Richard Mullins
|
0-0: Swinging Strike 0-1: Ball 1-1: Foul Ball, location: 2F 1-2: Ball 2-2: Ball 3-2: Grounds into double play, 4-6-3 (Groundball, 4)
|
Bottom of the 4th over - 1 run, 4 hits, 0 errors, 2 left on base; Ballard 0 - Amarillo 1 |
TOP OF THE 5TH |
Ballard Beavers batting - Pitching for Amarillo Warheads : LHP Joël Delorme
|
Batting: SHB Rafael Bregonzi
|
0-0: Swinging Strike 0-1: Ball 1-1: Fly out, F9 (Flyball, 9)
|
Batting: SHB Pedro Montoya
|
0-0: Ball 1-0: Fly out, F9 (Flyball, 9S)
|
Batting: RHB Sebastian Franke
|
0-0: Hit by Pitch
|
Batting: LHB Clint Caldwell
|
0-0: Swinging Strike 0-1: Foul Ball, location: 2F 0-2: Ball 1-2: Fly out, F8 (Flyball, 8RD)
|
Top of the 5th over - 0 runs, 0 hits, 0 errors, 1 left on base; Ballard 0 - Amarillo 1 |
BOTTOM OF THE 5TH |
Amarillo Warheads batting - Pitching for Ballard Beavers : RHP Aurelio Ortíz
|
Batting: RHB John Steele
|
0-0: Foul Ball, location: 2F 0-1: Ball 1-1: Foul Ball, location: 2F 1-2: Ball 2-2: Ball 3-2: Fly out, F8 (Flyball, 8RD)
|
Batting: LHB Lorenzo Ortíz
|
0-0: Called Strike 0-1: Swinging Strike 0-2: Foul Ball, location: 2F 0-2: Foul Ball, location: 2F 0-2: Ball 1-2: Ball 2-2: Ball 3-2: Fly out, F8 (Flyball, 8RD)
|
Batting: SHB Ed Ackerman
|
0-0: Fly out, F7 (Flyball, 7)
|
Bottom of the 5th over - 0 runs, 0 hits, 0 errors, 0 left on base; Ballard 0 - Amarillo 1 |
TOP OF THE 6TH |
Ballard Beavers batting - Pitching for Amarillo Warheads : LHP Joël Delorme
|
Batting: RHB Jim Herries
|
0-0: Ball 1-0: Foul Ball, location: 2F 1-1: Foul Ball, location: 2F 1-2: Ball 2-2: SOLO HOME RUN (Flyball, 78XD), Distance : 408 ft
|
Batting: RHB Juan Jose Guerrero
|
0-0: Foul Ball, location: 2F 0-1: Fly out, F4 (Line Drive, 4)
|
Pitching: RHP Ed Barrick
|
|
Batting: RHB Tony Hernández
|
0-0: Fly out, F6 (Popup, 6S)
|
Batting: RHB Evegnii Wolfson
|
0-0: Called Strike 0-1: Ball 1-1: Ground out U3 (Groundball, 34)
|
Top of the 6th over - 1 run, 1 hit, 0 errors, 0 left on base; Ballard 1 - Amarillo 1 |
BOTTOM OF THE 6TH |
Amarillo Warheads batting - Pitching for Ballard Beavers : RHP Aurelio Ortíz
|
Batting: LHB Joe Walker
|
0-0: Called Strike 0-1: Foul Ball, location: 2F 0-2: SINGLE (Groundball, 3S) (infield hit)
|
Batting: RHB Kiyohira Kan
|
0-0: Bunted foul 0-1: Sac Bunt - play at first, batter OUT! 3-4 Joe Walker to second
|
Batting: LHB Fernando Guillén
|
0-0: Ball 1-0: Foul Ball, location: 2F 1-1: Ground out 5-3 (Groundball, 56S) Joe Walker to third
|
Batting: RHB Cristo Mercado
|
0-0: Ball 1-0: SINGLE (Groundball, 56D) Joe Walker scores
|
Batting: RHB Adrián Sánchez
|
0-0: Ball 1-0: Ball 2-0: Swinging Strike 2-1: Ball Wild Pitch! Cristo Mercado to second 3-1: Base on Balls
|
Pitching: RHP Kian-zhi Zhou
|
|
Batting: SHB Richard Mullins
|
0-0: Called Strike 0-1: Called Strike 0-2: Ball 1-2: Ball 2-2: Ball 3-2: SINGLE (Flyball, 9S) Cristo Mercado to third Adrián Sánchez to second Cristo Mercado scores Adrián Sánchez to third
|
Batting: RHB John Steele
|
0-0: Swinging Strike 0-1: Ball 1-1: Foul Ball, location: 2F 1-2: Ball 2-2: Ball 3-2: SINGLE (Groundball, 34D) Adrián Sánchez scores Richard Mullins to second Richard Mullins to third
|
Batting: LHB Lorenzo Ortíz
|
0-0: Ball 1-0: SINGLE (Groundball, 56D) Richard Mullins scores John Steele to second
|
Batting: SHB Ed Ackerman
|
0-0: Fly out, F8 (Flyball, 8LD)
|
Bottom of the 6th over - 4 runs, 5 hits, 0 errors, 2 left on base; Ballard 1 - Amarillo 5 |
TOP OF THE 7TH |
Ballard Beavers batting - Pitching for Amarillo Warheads : RHP Ed Barrick
|
Batting: SHB Alberto González
|
0-0: Ball 1-0: Called Strike 1-1: Ball 2-1: Foul Ball, location: 2F 2-2: Foul Ball, location: 2F 2-2: Strikes out looking
|
Batting: SHB Rafael Bregonzi
|
0-0: Called Strike 0-1: Foul Ball, location: 2F 0-2: Ball 1-2: Ball 2-2: Foul Ball, location: 2F 2-2: Strikes out swinging
|
Batting: SHB Pedro Montoya
|
0-0: Ground out 6-3 (Groundball, 6)
|
Top of the 7th over - 0 runs, 0 hits, 0 errors, 0 left on base; Ballard 1 - Amarillo 5 |
BOTTOM OF THE 7TH |
Amarillo Warheads batting - Pitching for Ballard Beavers : RHP Kian-zhi Zhou
|
Batting: LHB Joe Walker
|
0-0: Ball 1-0: Called Strike 1-1: Ball 2-1: Foul Ball, location: 2F 2-2: Strikes out swinging
|
Batting: RHB Kiyohira Kan
|
0-0: Swinging Strike 0-1: Ball 1-1: Ball 2-1: Ball 3-1: Ground out 4-3 (Groundball, 34)
|
Batting: LHB Fernando Guillén
|
0-0: Ball 1-0: Foul Ball, location: 2F 1-1: Fly out, F9 (Line Drive, 9D)
|
Bottom of the 7th over - 0 runs, 0 hits, 0 errors, 0 left on base; Ballard 1 - Amarillo 5 |
TOP OF THE 8TH |
Ballard Beavers batting - Pitching for Amarillo Warheads : RHP Ed Barrick
|
Batting: RHB Sebastian Franke
|
0-0: Called Strike 0-1: Foul Ball, location: 2F 0-2: Strikes out looking
|
Batting: LHB Clint Caldwell
|
0-0: Ball 1-0: Ball 2-0: Fly out, F6 (Popup, 15)
|
Batting: RHB Jim Herries
|
0-0: Ball 1-0: Ball 2-0: Called Strike 2-1: Ball 3-1: Foul Ball, location: 2F 3-2: Strikes out swinging, 2-3 out at first.
|
Top of the 8th over - 0 runs, 0 hits, 0 errors, 0 left on base; Ballard 1 - Amarillo 5 |
BOTTOM OF THE 8TH |
Amarillo Warheads batting - Pitching for Ballard Beavers : RHP Kian-zhi Zhou
|
Batting: RHB Cristo Mercado
|
0-0: Ball 1-0: SINGLE (Groundball, 56D)
|
Batting: RHB Adrián Sánchez
|
0-0: Ball 1-0: Called Strike 1-1: DOUBLE (Line Drive, 7LD) Cristo Mercado to third
|
Batting: SHB Richard Mullins
|
0-0: Ball 1-0: Ball 2-0: Ball 3-0: Base on Balls
|
Batting: RHB John Steele
|
0-0: Called Strike 0-1: Ball 1-1: Ball 2-1: Foul Ball, location: 2F 2-2: Strikes out swinging
|
Batting: LHB Lorenzo Ortíz
|
0-0: Called Strike 0-1: Ball 1-1: Grounds into fielders choice 4-2 (Groundball, 34) Adrián Sánchez to third Richard Mullins to second
|
Batting: SHB Ed Ackerman
|
0-0: Fly out, F7 (Flyball, 7LMF)
|
Bottom of the 8th over - 0 runs, 2 hits, 0 errors, 3 left on base; Ballard 1 - Amarillo 5 |
TOP OF THE 9TH |
Ballard Beavers batting - Pitching for Amarillo Warheads : RHP Ed Barrick
|
Batting: RHB Juan Jose Guerrero
|
0-0: Called Strike 0-1: Ball 1-1: Swinging Strike 1-2: Ball 2-2: Strikes out swinging
|
Batting: RHB Tony Hernández
|
0-0: SINGLE (Groundball, 34D)
|
Batting: RHB Evegnii Wolfson
|
0-0: Ball 1-0: Foul Ball, location: 2F 1-1: Fly out, F7 (Flyball, 7)
|
Batting: SHB Alberto González
|
0-0: Called Strike 0-1: Ball 1-1: DOUBLE (Line Drive, 9D) Tony Hernández to third
|
Pitching: LHP Curt Moore
|
|
Batting: SHB Rafael Bregonzi
|
0-0: Ball 1-0: Foul Ball, location: 2F 1-1: Fly out, F7 (Flyball, 7S)
|
Top of the 9th over - 0 runs, 2 hits, 0 errors, 2 left on base; Ballard 1 - Amarillo 5 |
|